 Dungeon Crawl Stone Soup version 0.29-a0-2-g12fcac58f8 (webtiles) character file.

Game seed: 16921077689428493775

99 croobank the Firebug (level 4, -1/33 HPs)
             Began as a Draconian Fire Elementalist on Jan 26, 2022.
             Killed by divine providence
             ... invoked by an orc priest
              (15 damage)
             ... on level 3 of the Dungeon.
             The game lasted 00:04:24 (2094 turns).

croobank the Firebug (Draconian Fire Elementalist)  Turns: 2094, Time: 00:04:25

Health: -1/33      AC:  6    Str: 10    XL:     4   Next: 45%
Magic:  0/7        EV: 12    Int: 18    God:
Gold:   71         SH:  0    Dex: 11    Spells: 5/8 levels left

rFire   . . .      SeeInvis .   e - +0 short sword
rCold   . . .      Faith    .   (no shield)
rNeg    . . .      Spirit   .   (armour unavailable)
rPois   .          Reflect  .   (helmet restricted)
rElec   .          Harm     .   (no cloak)
rCorr   .          Rampage  .   m - +0 pair of gloves
Will    .....                   (no boots)
Stlth   ++........              (no amulet)
HPRegen 0.11/turn               (no ring)
MPRegen 0.10/turn               (no ring)

@: no status effects
A: AC +5, unfitting armour, cold-blooded
a: no special abilities


You were on level 3 of the Dungeon.
You visited 1 branch of the dungeon, and saw 3 of its levels.

You collected 71 gold pieces.

Inventory:

Hand Weapons
 e - a +0 short sword (weapon)
Missiles
 a - 97 stones
 j - 21 arrows
Armour
 m - a +0 pair of gloves (worn)
Scrolls
 b - 2 scrolls of teleportation {unknown}
 c - a scroll of acquirement {unknown}
 f - a scroll of noise {unknown}
 i - 3 scrolls of identify {unknown}
 k - a scroll of brand weapon {unknown}
 l - a scroll of silence {unknown}
Potions
 d - 2 potions of might {unknown}
 g - 2 potions of curing {unknown}
 h - 2 potions of degeneration {unknown}


   Skills:
 + Level 2.4 Dodging
 + Level 2.5 Stealth
 + Level 2.6 Spellcasting
 + Level 2.0 Conjurations
 + Level 3.5 Fire Magic


You had 5 spell levels left.
You knew the following spells:

 Your Spells              Type           Power      Damage    Failure   Level
a - Foxfire               Conj/Fire      48%        2x1d6     5%          1
b - Scorch                Fire           30%        2d7       6%          2

Your spell library contained the following spells:

 Spells                   Type           Power      Damage    Failure   Level
 Magic Dart               Conj           36%        1d4       8%          1
 Searing Ray              Conj           18%        2d5       11%         2
 Conjure Flame            Conj/Fire      12%        6-21      16%         3
 Inner Flame              Hex/Fire       8%         N/A       24%         3
 Sublimation of Blood     Necr           2%         N/A       26%         2
 Wereblood                Tmut           2%         N/A       26%         2
 Flame Wave               Conj/Fire      12%        2d6       47%         4
 Fulminant Prism          Conj/Hex       3%         3d6       73%         4
 Summon Hydra             Summ           1%         N/A       100%        7


Dungeon Overview and Level Annotations

Branches:
Dungeon (3/15)

Altars:


Innate Abilities, Weirdness & Mutations

Your plain brown scales are hard. (AC +5)
You cannot fit into any form of body armour.
You are cold-blooded and may be slowed by cold attacks.


Message History

Confirm with . or Enter, or press ? or * to list all spells.
You conjure some foxfire!
The orc priest looks satisfied for a moment.
The foxfire hits the orc.
You kill the orc!
The orc priest mumbles some strange prayers to Beogh against you.
Beogh smites you!
The orc priest begins to cast a cantrip, but forgets the words!
The foxfire hits the orc.
The orc is heavily wounded.
Casting: Foxfire (safe; 5% risk of failure)
Confirm with . or Enter, or press ? or * to list all spells.
You conjure some foxfire!
The foxfire hits the orc.
The orc is almost dead.
The foxfire hits the orc.
You kill the orc!
Casting: Foxfire (safe; 5% risk of failure)
Confirm with . or Enter, or press ? or * to list all spells.
You conjure some foxfire!
The foxfire hits the orc priest.
The orc priest is lightly wounded.
The foxfire hits the orc priest but does no damage.
The orc priest is lightly wounded.
Casting: Foxfire (safe; 5% risk of failure)
Confirm with . or Enter, or press ? or * to list all spells.
You conjure some foxfire!
The foxfire hits the orc priest.
The orc priest is heavily wounded.
The foxfire hits the orc priest.
The orc priest is severely wounded.
The orc priest barely misses you.
Casting: Foxfire (safe; 5% risk of failure)
Confirm with . or Enter, or press ? or * to list all spells.
Flames lash the orc.
You kill the orc!
The orc priest hits you with a +2 flail of protection!
The orc priest mumbles some strange prayers to Beogh against you.
Beogh smites you!
You die...

#.##.######
#.##.# #.##.#
#.##.####
#.##....#
#.#####.# #.#
#.#
#.#####o####...
#.....@.o))....
#######.####...
#.# #.# #.# #.#
#.# #.#


You could see 2 orc priests.

Vanquished Creatures
  A jelly (D:2)
  3 adders (D:2)
  A worm (D:2)
  3 orcs (D:3)
  4 bats
  2 endoplasms (D:2)
  A giant cockroach (D:1)
  3 goblins (D:2)
  5 hobgoblins
  3 quokkas
  2 ball pythons (D:2)
  4 frilled lizards
  3 kobolds
  A rat (D:1)
36 creatures vanquished.

Vanquished Creatures (collateral kills)
  3 foxfires (D:1)
3 creatures vanquished.

Vanquished Creatures (others)
  78 foxfires
  2 plants (D:1)
80 creatures vanquished.

Grand Total: 119 creatures vanquished

Notes
Turn   | Place    | Note
-------+----------+-------------------------------------------
     0 | D:1      | croobank the Draconian Fire Elementalist began the quest
                  | for the Orb.
     0 | D:1      | Reached XP level 1. HP: 14/14 MP: 3/3
     6 | D:1      | Noticed a salamander
     6 | D:1      | Noticed a rime drake
     6 | D:1      | Noticed a hound
     7 | D:1      | Noticed a snapping turtle
   414 | D:1      | Reached XP level 2. HP: 20/20 MP: 3/5
   858 | D:2      | Learned a level 2 spell: Scorch
  1217 | D:2      | Reached XP level 3. HP: 26/26 MP: 0/6
  1537 | D:2      | Found a faded altar of an unknown god.
  1698 | D:2      | Reached XP level 4. HP: 33/33 MP: 4/7
  2094 | D:3      | Killed from afar by an orc priest

Illustrated notes

Levels and vault maps discovered:
D:1:      onia_arrival_zoo_common, layout_loops_ring, grunt_decor_cap,
          kennysheep_boxes
D:2:      layout_basic, shapermc_ecumenical_altar_mp_urbaneastern, minivault_4
D:3:      layout_loops_ring, nemelex_xobeh_ov_fountains_minmay,
          due_unseen_surprise, uniq_robin

Skill      XL: |  1  2  3  4 |
---------------+-------------+-----
Stealth        | 2 |  2.5
Dodging        | 2 |  2.4
Conjurations   | 2 |  2.0
Spellcasting   | |  2.6
Fire Magic     | |  3.5

Action                   |  1- 3 |  4- 6 || total
-------------------------+-------+-------++-------
Melee: Unarmed           |     2 |       ||     2
       Tailslap          |     3 |       ||     3
       Short sword       |     9 |     3 ||    12
 Cast: Foxfire           |    33 |    13 ||    46
       Scorch            |     4 |     1 ||     5
Armor: Skin              |     9 |     1 ||    10
Dodge: Dodged            |    16 |     4 ||    20

Table legend: (Time is in decaauts)
 A = Elapsed time spent in this place.
 B = Non-inter-level travel time spent in this place.
 C = Inter-level travel time spent in this place.
 D = Time resting spent in this place.
 E = Time spent auto-exploring this place.
 F = Levels seen in this place.
 G = Mean time per level.
                   A        B        C        D        E       F      G
               +--------+--------+--------+--------+--------+-----+--------+
         Total |   2095 |   2049 |     46 |    270 |   1481 |   3 |  698.3 |
       Dungeon |   2095 |   2049 |     46 |    270 |   1481 |   3 |  698.3 |
               +--------+--------+--------+--------+--------+-----+--------+

Top non-repeatable levels by time:
     D:2: 1197 daAuts
     D:1: 849 daAuts
     D:3: 48 daAuts
